 Dungeon Crawl Stone Soup version 0.27-a0-1200-g94dc6ad4cf (webtiles) character file.

Game seed: 5181558589215383138

26049 Conn the Eclecticist (level 12, 0/60 HPs)
             Began as a Deep Elf Fire Elementalist on May 31, 2021.
             Was an Elder of Sif Muna.
             Slain by a cane toad (16 damage)
             ... on level 2 of the Lair of Beasts.
             The game lasted 01:22:08 (20459 turns).

Conn the Eclecticist (Deep Elf Fire Elementalist)  Turns: 20459, Time: 01:22:08

Health: 0/60       AC: 10    Str: 11    XL:     12   Next: 94%
Magic:  19/33      EV: 14    Int: 26    God:    Sif Muna [****..]
Gold:   916        SH:  0    Dex: 18    Spells: 17/41 levels left

rFire    + . .     SeeInvis .   b - staff of fire
rCold    + . .     Faith    .   (no shield)
rNeg     . . .     Spirit   .   S - +2 robe "Meppegoylo" {Dex+3}
rPois    .         Reflect  .   t - +2 hat
rElec    .         Harm     .   L - scarf {shadows}
rCorr    .         Rampage  .   R - +1 pair of gloves
Will     +....                  y - +1 pair of boots
Stlth    +++.......             (no amulet)
HPRegen  0.20/turn              N - ring of protection from cold
MPRegen  0.23/turn              J - +6 ring of strength

@: channeling
A: no striking features
a: Renounce Religion, Channel Magic, Forget Spell, Divine Exegesis


You were on level 2 of the Lair of Beasts.
You worshipped Sif Muna.
Sif Muna was greatly pleased with you.
You visited 2 branches of the dungeon, and saw 14 of its levels.

You collected 916 gold pieces.

Inventory:

Hand Weapons
 a - a +6 dagger of freezing
 W - the +3 spear of Ynuar {protect, Contam +Blink Int+3 Dex+4}
   (You took it off a spriggan on level 11 of the Dungeon)

   It grants its wielder temporary protection when it strikes (+7 to AC).
   It affects your intelligence (+3).
   It affects your dexterity (+4).
   It lets you blink.
   It causes magical contamination when unequipped.
Missiles
 j - 7 silver boomerangs (quivered)
 q - 2 throwing nets
 s - 14 javelins
 P - 4 boomerangs of dispersal
Armour
 i - a +0 buckler
 t - a +2 hat (worn)
 u - a +0 cloak
 y - a +1 pair of boots (worn)
 C - +0 steam dragon scales
 G - a +0 pair of gloves
 L - a scarf of shadows (worn)
 O - a +1 leather armour of fire resistance
 R - a +1 pair of gloves (worn)
 S - the +2 robe "Meppegoylo" (worn) {Dex+3}
   (You found it on level 11 of the Dungeon)

   It affects your dexterity (+3).
Magical Staves
 b - a staff of fire (weapon)
Jewellery
 x - a ring of positive energy
 F - a ring of ice
 J - a +6 ring of strength (right hand)
 N - a ring of protection from cold (left hand)
 T - a +6 ring of strength
Wands
 l - a wand of iceblast (17)
 o - a wand of polymorph (3)
 A - a wand of digging (4)
 B - a wand of flame (45)
Scrolls
 e - 9 scrolls of identify
 h - 2 scrolls of amnesia
 k - a scroll of immolation {unknown}
 m - a scroll of summoning
 n - a scroll of noise
 r - 4 scrolls of teleportation
 w - 2 scrolls of holy word {unknown}
 D - 2 scrolls of fog {unknown}
 I - a scroll of magic mapping
 K - a scroll of brand weapon {unknown}
 M - a scroll of blinking
 Q - a scroll of acquirement {unknown}
 V - a scroll of enchant weapon
Potions
 c - a potion of attraction
 d - 2 potions of haste
 f - 4 potions of berserk rage
 g - 8 potions of flight
 p - a potion of invisibility
 v - a potion of magic {unknown}
 z - a potion of heal wounds
 E - a potion of brilliance
 H - a potion of mutation {unknown}
 U - 3 potions of curing


   Skills:
 + Level 1.1 Fighting
 + Level 0.1 Short Blades
 + Level 1.2 Staves
 + Level 4.2 Dodging
 + Level 5.0 Stealth
 * Level 15.3 Spellcasting
 * Level 10.2 Conjurations
 + Level 2.8 Summonings
 + Level 4.0 Translocations
 * Level 11.3 Fire Magic
 * Level 6.2 Air Magic
 * Level 5.3 Poison Magic
 * Level 6.9 Invocations
 + Level 0.1 Evocations


You had 17 spell levels left.
You knew the following spells:

 Your Spells              Type           Power      Damage    Failure   Level
a - Foxfire               Conj/Fire      100%       2x1d9     1%          1
b - Conjure Flame         Conj/Fire      85%        6-21      1%          3
c - Inner Flame           Hex/Fire       65%        N/A       1%          3
d - Sticky Flame          Conj/Fire      85%        2d10      1%          4
e - Fireball              Conj/Fire      42%        3d17      1%          5
f - Call Imp              Summ           34%        N/A       1%          2
g - Magic Dart            Conj           100%       1d8       1%          1
h - Mephitic Cloud        Conj/Pois/Air  55%        N/A       1%          3
i - Blink                 Tloc           N/A        N/A       1%          2

Your spell library contained the following spells:

 Spells                   Type           Power      Damage    Failure   Level
 Apportation              Tloc           80%        N/A       1%          1
 Shock                    Conj/Air       100%       1d9       1%          1
 Static Discharge         Conj/Air       58%        N/A       1%          2
 Lesser Beckoning         Tloc           20%        N/A       1%          3
 Swiftness                Air            51%        N/A       1%          3
 Airstrike                Air            25%        N/A       1%          4
 Iskenderun's Battlesphe  Conj           65%        2d11      1%          5
 Animate Skeleton         Necr           38%        N/A       2%          1
 Beastly Appendage        Tmut           38%        N/A       2%          1
 Pain                     Necr           76%        1d7       2%          1
 Spider Form              Tmut/Pois      16%        N/A       2%          3
 Lightning Bolt           Conj/Air       29%        1d45      2%          5
 Bolt of Magma            Conj/Fire/Erth 36%        4d16      3%          5
 Passwall                 Tmut/Erth      15%        N/A       4%          2
 Slow                     Hex            19%        N/A       4%          2
 Wereblood                Tmut           19%        N/A       4%          2
 Passage of Golubria      Tloc           N/A        N/A       4%          4
 Tukima's Dance           Hex            19%        N/A       9%          3
 Vampiric Draining        Necr           9%         2d7       9%          3
 Animate Dead             Necr           9%         N/A       26%         4
 Ice Form                 Ice/Tmut       19%        N/A       26%         4
 Alistair's Intoxication  Tmut/Pois      22%        N/A       26%         5
 Orb of Destruction       Conj           32%        9d12      32%         7
 Iron Shot                Conj/Erth      23%        9d5       45%         6
 Agony                    Necr           19%        N/A       58%         5
 Hydra Form               Tmut           9%         N/A       58%         5
 Lee's Rapid Deconstruct  Erth           9%         3d8*      58%         5
 Spellforged Servitor     Conj/Summ      26%        N/A       83%         7
 Ignition                 Fire           43%        3d13      86%         8
 Invisibility             Hex            19%        N/A       99%         6
 Shatter                  Erth           9%         3d11*     100%        9
 Tornado                  Air            25%        N/A       100%        9


Dungeon Overview and Level Annotations

Branches:
Dungeon (12/15)            Temple (0/1) D:5            Lair (2/6) D:11
    Orc (0/2) D:11
  Swamp: Lair:2-4    Shoals: Lair:2-4     Snake: Lair:2-4    Spider: Lair:2-4

Altars:
Cheibriados
Dithmenos
Fedhas
Hepliaklqana
Okawaru
Qazlal
Sif Muna
Vehumet
Wu Jian
Xom
Beogh

Annotations:
D:11 Whitewater's ghost, journeyman MiBe


Message History

Okay, then.
Casting: Fireball (dangerous; 1% risk of failure)
Confirm with . or Enter, or press ? or * to list all spells.
Aiming: Fireball (dangerous; 1% risk of failure)
Press: ? - help, Shift-Dir - straight line, p - death yak
Okay, then.
You feel sick.
You are no longer poisoned.
Casting: Fireball (dangerous; 1% risk of failure)
Confirm with . or Enter, or press ? or * to list all spells.
You blink.
Unknown command.
Casting: Blink (safe; 1% risk of failure)
Confirm with . or Enter, or press ? or * to list all spells.
Aiming: Fireball (dangerous; 1% risk of failure)
Press: ? - help, Shift-Dir - straight line, p - death yak You feel a surge of power!
The fireball explodes!
The fireball engulfs the death yak!!
The death yak is moderately wounded.
The fireball engulfs the cane toad but does no damage.
Unknown command.
Casting: Fireball (dangerous; 1% risk of failure)
Confirm with . or Enter, or press ? or * to list all spells.
Aiming: Fireball (dangerous; 1% risk of failure)
Press: ? - help, Shift-Dir - straight line You feel a surge of power!
The fireball explodes!
The fireball engulfs the cane toad!
The cane toad is moderately wounded.
The fireball engulfs the death yak!!
The death yak is severely wounded.
The fireball engulfs the cane toad!!
The cane toad is heavily wounded.
You hear a shout!
The death yak gores you!
* * * LOW HITPOINT WARNING * * *
Unknown command.
Casting: Fireball (dangerous; 1% risk of failure)
Confirm with . or Enter, or press ? or * to list all spells.
You blink.
The cane toad stings you!
You die...

.............#
..........Sl.#######
...§...................
.......................
.......................
....†.........l........
.......<...............
....$.......†Y.S.......
[..#.#.#......YF@......
....####.$....F........
#..# P......§........ .
##...............
#...............
................
................
.............
.............


You could see 2 death yaks, a komodo dragon, 2 cane toads and a water moccasin.

Vanquished Creatures
  2 hydras
  A boulder beetle (D:12)
  Erolcha (D:11)
  A centaur warrior (D:10)
  3 two-headed ogres
  2 lindwurms (D:11)
  A deep elf pyromancer (D:12)
  3 cyclopes
  An ugly thing (D:12)
  3 elephants (Lair:2)
  4 centaur zombies
  2 black mambas (D:11)
  5 cane toads
  A torpor snail (Lair:2)
  A gargoyle (D:11)
  2 unseen horrors (D:11)
  2 demonic crawlers (D:11)
  2 komodo dragons (Lair:1)
  A merfolk (D:10)
  5 trolls
  11 slime creatures
  2 wyverns
  3 spriggans (D:11)
  3 vampire mosquitoes (D:12)
  4 yaks (D:10)
  3 fire bats (D:11)
  2 steam dragons
  A basilisk (Lair:1)
  An acid dragon (D:11)
  11 water moccasins
  Duvessa (D:7)
  10 orc warriors
  A swamp drake (D:11)
  A sky beast (D:7)
  A black bear (D:7)
  An ice beast (D:6)
  An ogre (D:11)
  2 wolves (D:11)
  3 centaurs
  2 kobold brigands (D:9)
  7 bullfrogs
  7 scorpions
  A gnoll sergeant (D:9)
  Dowan (D:7)
  2 water moccasin skeletons
  4 wights (D:10)
  A vampire bat (D:11)
  3 howler monkeys
  5 hounds
  2 gnoll shamans
  5 orc priests (D:11)
  2 bullfrog skeletons
  Terence (D:3)
  Jessica (D:3)
  Natasha (D:3)
  5 iguanas
  7 orc wizards
  Ijyb (D:3)
  A hound zombie (D:5)
  2 howler monkey zombies
  9 adders
  11 gnolls
  A river rat (Lair:1)
  A shadow imp (D:6)
  4 white imps
  An ufetubus (D:7)
  2 adder skeletons
  11 worms
  42 orcs
  9 endoplasms
  9 giant cockroaches
  7 goblins
  4 hobgoblins
  5 jackals (D:2)
  3 quokkas
  11 ball pythons
  9 bats
  A frilled lizard (D:2)
  22 kobolds
  2 rats
330 creatures vanquished.

Vanquished Creatures (collateral kills)
  A wyvern skeleton (D:6)
  A howler monkey (D:7)
  2 adders (D:3)
  4 orcs
  A quokka (D:2)
  A bat (D:11)
10 creatures vanquished.

Vanquished Creatures (others)
  3 orc wizards
  1031 foxfires
  6 fungi
  23 plants
1063 creatures vanquished.

Grand Total: 1403 creatures vanquished

Notes
Turn   | Place    | Note
-------+----------+-------------------------------------------
     0 | D:1      | Conn the Deep Elf Fire Elementalist began the quest for the
                  | Orb.
     0 | D:1      | Reached XP level 1. HP: 10/10 MP: 6/6
   348 | D:1      | Reached XP level 2. HP: 15/15 MP: 5/8
   523 | D:1      | Learned a level 2 spell: Blink
   526 | D:1      | Learned a level 2 spell: Call Imp
   533 | D:1      | Learned a level 1 spell: Magic Dart
  1193 | D:2      | Reached XP level 3. HP: 19/19 MP: 5/9
  1519 | D:2      | Found a faded altar of an unknown god.
  1942 | D:2      | Found a shimmering altar of Xom.
  2382 | D:3      | Reached skill level 4 in Spellcasting
  2422 | D:3      | Reached XP level 4. HP: 24/24 MP: 9/12
  2601 | D:3      | Noticed Jessica
  2607 | D:3      | Killed Jessica
  2659 | D:3      | Noticed Ijyb
  2731 | D:3      | Learned a level 3 spell: Conjure Flame
  2735 | D:3      | Learned a level 3 spell: Inner Flame
  2753 | D:3      | Killed Ijyb
  2754 | D:3      | Reached skill level 1 in Translocations
  3086 | D:3      | Reached XP level 5. HP: 28/28 MP: 11/14
  3112 | D:3      | Reached skill level 5 in Spellcasting
  3363 | D:3      | Noticed Terence
  3385 | D:3      | Killed Terence
  3658 | D:3      | Noticed Natasha
  3697 | D:3      | Killed Natasha
  3960 | D:4      | Reached skill level 1 in Summonings
  3960 | D:4      | Reached XP level 6. HP: 32/32 MP: 13/16
  3968 | D:4      | Reached skill level 6 in Spellcasting
  4012 | D:4      | Found a shimmering blue altar of Sif Muna.
  4019 | D:4      | Became a worshipper of Sif Muna the Loreminder
  4649 | D:5      | Entered Level 5 of the Dungeon
  4715 | D:4      | Learned a level 4 spell: Sticky Flame
  4806 | D:5      | Reached skill level 7 in Spellcasting
  4818 | D:5      | Found a staircase to the Ecumenical Temple.
  4824 | D:5      | Reached XP level 7. HP: 28/36 MP: 1/19
  5773 | D:5      | Found a hazy altar of Hepliaklqana.
  5773 | D:5      | Found a snail-covered altar of Cheibriados.
  5774 | D:5      | Found an iron altar of Okawaru.
  6000 | D:6      | Reached skill level 5 in Fire Magic
  6136 | D:6      | Found a shadowy altar of Dithmenos.
  6168 | D:6      | Reached skill level 8 in Spellcasting
  6168 | D:6      | Reached XP level 8. HP: 30/41 MP: 3/22
  6404 | D:6      | Found a stormy altar of Qazlal.
  6406 | D:6      | Noticed an air elemental
  6446 | D:6      | Learned a level 3 spell: Mephitic Cloud
  6452 | D:6      | Learned a level 5 spell: Fireball
  6495 | D:6      | Found an ornate altar of the Wu Jian Council.
  6755 | D:6      | Reached * piety under Sif Muna
  7122 | D:6      | Reached skill level 9 in Spellcasting
  7468 | D:7      | Noticed Dowan
  7469 | D:7      | Noticed Duvessa
  7478 | D:7      | Killed Dowan
  7493 | D:7      | Killed Duvessa
  7494 | D:7      | Reached skill level 5 in Conjurations
  7512 | D:7      | Reached skill level 1 in Air Magic
  7512 | D:7      | Reached skill level 1 in Poison Magic
  7683 | D:7      | Reached XP level 9. HP: 41/45 MP: 21/24
  7933 | D:7      | Reached skill level 1 in Invocations
  8402 | D:8      | Found a blossoming altar of Fedhas.
  8497 | D:8      | Reached skill level 10 in Spellcasting
  8780 | D:8      | Noticed a cyclops
 10100 | D:9      | Reached ** piety under Sif Muna
 10221 | D:9      | Noticed a troll
 10408 | D:9      | Killed a troll
 10620 | D:9      | Noticed a two-headed ogre
 10643 | D:9      | Killed a two-headed ogre
 10644 | D:9      | Reached skill level 11 in Spellcasting
 10827 | D:9      | Found a radiant altar of Vehumet.
 10961 | D:10     | Entered Level 10 of the Dungeon
 11008 | D:10     | Reached XP level 10. HP: 51/51 MP: 20/27
 11475 | D:10     | Noticed a two-headed ogre
 11481 | D:10     | Killed a two-headed ogre
 11695 | D:10     | Reached skill level 12 in Spellcasting
 12193 | D:10     | Noticed a centaur warrior
 12204 | D:10     | Killed a centaur warrior
 12463 | D:11     | Reached skill level 1 in Staves
 12853 | D:11     | Reached XP level 11. HP: 32/55 MP: 8/29
 13029 | D:11     | Noticed a five-headed hydra
 13039 | D:11     | Killed a five-headed hydra
 13249 | D:11     | Reached *** piety under Sif Muna
 13272 | D:11     | Reached skill level 13 in Spellcasting
 13392 | D:11     | HP: 4/82 [poisoned by a water moccasin]
 13969 | D:11     | Found a staircase to the Lair.
 14024 | D:11     | Reached skill level 5 in Invocations
 14409 | D:11     | Noticed a lindwurm
 14411 | D:11     | Noticed a lindwurm
 14431 | D:11     | Killed a lindwurm
 14432 | D:11     | Killed a lindwurm
 14433 | D:11     | Reached skill level 1 in Fighting
 15719 | D:11     | Reached skill level 14 in Spellcasting
 15719 | D:11     | Reached skill level 5 in Air Magic
 15762 | D:11     | Identified the +2 robe "Meppegoylo" {Dex+3}
 15798 | D:11     | Reached **** piety under Sif Muna
 15836 | D:11     | Found a staircase to the Orcish Mines.
 16297 | D:11     | Found a runed translucent door.
 16302 | D:11     | Identified the +3 spear of Ynuar {protect, Contam +Blink
                  | Int+3 Dex+4}
 16304 | D:11     | Noticed Whitewater's ghost (journeyman MiBe)
 16333 | D:11     | Noticed Erolcha
 16624 | D:11     | Reached skill level 5 in Stealth
 16751 | D:12     | Noticed a deep elf pyromancer
 16754 | D:12     | Killed a deep elf pyromancer
 16755 | D:12     | Reached skill level 10 in Fire Magic
 16875 | D:12     | Reached XP level 12. HP: 49/60 MP: 17/32
 17559 | D:12     | Noticed a two-headed ogre
 17563 | D:12     | Killed a two-headed ogre
 17563 | D:12     | Noticed a boulder beetle
 17807 | D:12     | Killed a boulder beetle
 17808 | D:12     | Reached skill level 5 in Poison Magic
 18083 | D:11     | Killed Erolcha
 18751 | Lair:1   | Entered Level 1 of the Lair of Beasts
 19155 | Lair:1   | Reached skill level 15 in Spellcasting
 19461 | Lair:1   | Noticed a five-headed hydra
 19464 | Lair:1   | Killed a five-headed hydra
 19465 | Lair:1   | Reached skill level 10 in Conjurations
 20343 | Lair:2   | Noticed a death yak
 20452 | Lair:2   | Noticed a death yak
 20459 | Lair:2   | Slain by a cane toad

Illustrated notes

Levels and vault maps discovered:
D:1:      kennysheep_arrival_seaside, layout_basic
D:2:      layout_loops_cross, chequers_ecumenical_altar_lobes, basic_altar
D:3:      kennysheep_six_static_rooms, layout_basic, uniq_natasha, uniq_ijyb,
          uniq_terence, uniq_jessica
D:4:      layout_basic, kennysheep_little_box
D:5:      layout_loops_cross, gammafunk_temple_overflow_claw,
          minmay_temple_entry_mist
D:6:      layout_loops_corners, nicolae_qazlal_style_of_elements,
          grunt_dithmenos_smoke, overflow_temple_1_default
D:7:      layout_basic, uniq_duvessa
D:8:      layout_basic, fedhas_altar_4
D:9:      layout_rooms, nicolae_overflow_hidden_temple, serial_glass,
          glass_columns_b, glass_columns_a, roderic_serpentine_path
D:10:     layout_basic, hangedman_fish_farm
D:11:     layout_basic, lair_entry_dummy, erik_orc_1, special_room
          [special_room_orc], ebering_ghost_funeral_grove,
          hangedman_parallel_progression, uniq_erolcha
D:12:     layout_basic, minmay_holes
Lair:1:   layout_regular_city, pond, grunt_megastairs_3
Lair:2:   layout_chaotic_city, uniq_erica

Skill      XL: |  1  2  3  4  5  6  7  8  9 10 11 12 |
---------------+-------------------------------------+-----
Fire Magic     | 4 5 6 7 9 10 11 | 11.3
Conjurations   | 2 3 4 5 6 7 8 10 | 10.2
Spellcasting   | 4 5 7 8 9 11 12 14 15 | 15.3
Translocations | 1 3 4 |  4.0
Summonings     | 1 2 |  2.8
Stealth        | 4 5 |  5.0
Dodging        | 3 4 |  4.2
Air Magic      | 1 3 4 5 6 |  6.2
Poison Magic   | 1 2 3 4 5 |  5.3
Invocations    | 2 4 6 |  6.9
Staves         | 1 |  1.2
Fighting       | 1 |  1.1
Short Blades   | |  0.1
Evocations     | |  0.1

Action                   |  1- 3 |  4- 6 |  7- 9 | 10-12 || total
-------------------------+-------+-------+-------+-------++-------
Melee: Dagger            |     5 |       |     1 |    28 ||    34
       Staff             |       |     3 |    43 |    65 ||   111
Throw: Boomerang         |     1 |       |       |       ||     1
 Cast: Foxfire           |    82 |   109 |   225 |   174 ||   590
       Magic Dart        |     1 |       |       |       ||     1
       Call Imp          |     1 |     8 |     6 |     6 ||    21
       Blink             |       |     8 |     8 |    23 ||    39
       Conjure Flame     |       |     4 |    20 |    17 ||    41
       Sticky Flame      |       |     1 |    17 |    60 ||    78
       Mephitic Cloud    |       |       |    12 |    25 ||    37
       Fireball          |       |       |       |   108 ||   108
Invok: Channel Magic     |       |       |     1 |     6 ||     7
Evoke: Wand              |       |       |     1 |     1 ||     2
  Use: Potion            |     2 |       |       |     5 ||     7
       Scroll            |       |     4 |     6 |     6 ||    16
 Stab: Sleeping          |     1 |       |     1 |       ||     2
       Confused          |       |       |       |     3 ||     3
Armor: Robe              |     6 |     4 |    28 |    16 ||    54
       Steam dragon scal |       |       |    37 |    84 ||   121
Dodge: Dodged            |    26 |    14 |   112 |   173 ||   325

Table legend: (Time is in decaauts)
 A = Elapsed time spent in this place.
 B = Non-inter-level travel time spent in this place.
 C = Inter-level travel time spent in this place.
 D = Time resting spent in this place.
 E = Time spent auto-exploring this place.
 F = Levels seen in this place.
 G = Mean time per level.
                   A        B        C        D        E       F      G
               +--------+--------+--------+--------+--------+-----+--------+
         Total |  20495 |  20093 |    402 |   3590 |  10972 |  14 | 1463.9 |
       Dungeon |  18781 |  18379 |    402 |   3329 |   9915 |  12 | 1565.1 |
          Lair |   1713 |   1713 |      0 |    261 |   1057 |   2 |  856.5 |
               +--------+--------+--------+--------+--------+-----+--------+

Top non-repeatable levels by time:
    D:11: 4673 daAuts
    D:10: 1724 daAuts
  Lair:1: 1561 daAuts
     D:6: 1544 daAuts
     D:3: 1469 daAuts
     D:7: 1412 daAuts
    D:12: 1410 daAuts
     D:2: 1264 daAuts
     D:9: 1223 daAuts
     D:1: 1113 daAuts
     D:5: 1095 daAuts
     D:8: 964 daAuts
     D:4: 886 daAuts
  Lair:2: 152 daAuts
